 Dungeon Crawl Stone Soup version 0.32-a0-132-g2d33c3cfaf (webtiles) character file.

Game seed: 14751470638132100911

5 SmokeWeed the Ruffian (level 1, 0/18 HPs)
             Began as a Naga Shapeshifter on Feb 9, 2024.
             Slain by a ball python (3 damage)
             ... on level 1 of the Dungeon.
             The game lasted 00:00:24 (127 turns).

SmokeWeed the Ruffian (Naga Shapeshifter)            Turns: 127, Time: 00:00:25

Health: 0/18       AC:  1    Str: 16    XL:     1   Next: 80%
Magic:  1/1        EV:  9    Int: 10    God:
Gold:   19         SH:  0    Dex: 10    Spells: 0/0 levels left

rFire   . .          .
                       - Unarmed
rCold   . . .        (no shield)
rNeg    . . .        a - +0 animal skin
rPois   +            (helmet currently unavailable)
rElec   .            (cloak currently unavailable)
rCorr   .            (gloves currently unavailable)
SInv    +            (no barding)
Will    .....        (no amulet)
Stlth   +            (no ring)
HPRegen 0.23/turn    (no ring)
MPRegen 0.07/turn

%: no passive effects
@: beast-form, very slow
A: beast (slay +1), AC +0, large, see invisible, deformed body, poison
resistance, slowness 2, spit poison 1, naga tail 1
a: Spit Poison, Begin Untransformation


You were on level 1 of the Dungeon.
You were a hulking beast.
You visited 1 branch of the dungeon, and saw 1 of its levels.

You collected 19 gold pieces.

Inventory:

Armour
 a - a +0 animal skin (worn)
Talismans
 c - a beast talisman
 d - a flux talisman
Potions
 b - a potion of lignification


   Skills:
 + Level 1.0 Fighting
 + Level 1.7 Dodging
 + Level 3.2 Unarmed Combat
 + Level 3.0 Shapeshifting


You couldn't memorise any spells.
You didn't know any spells.
Your spell library was empty.

Dungeon Overview and Level Annotations

Branches:
Dungeon (1/15)

Altars:


Innate Abilities, Weirdness & Mutations

You are a hulking beast.
Your limbs bulge with bestial killing power. (Slay +1)
Your serpentine skin is tough. (AC +0)
You have supernaturally acute eyesight. (SInv)
Armour fits poorly on your strangely shaped body.
Your system is resistant to poisons. (rPois)
You cover ground very slowly.
You can spit poison.
You have a snake-like lower body.


Message History

You barely miss the quokka. You punch the quokka.
The quokka is moderately wounded.
The quokka bites you.
You miss the quokka. Your punch misses the quokka.
The quokka is moderately wounded.
The quokka closely misses you.
You hit the quokka but do no damage.
The quokka is moderately wounded.
You have got your breath back.
The quokka barely misses you.
You barely miss the quokka.
The quokka is moderately wounded.
The quokka barely misses you.
You hit the quokka.
You kill the quokka!
No target in view!
You see here a quokka corpse.
A ball python comes into view.
A goblin comes into view. It is wielding a +0 dagger.
The goblin shouts!
The ball python bites you but does no damage.
The ball python bites you.
You closely miss the ball python. The goblin hits you with a +0 dagger.
The ball python bites you.
You hit the ball python.
The ball python is severely wounded.
The goblin hits you with a +0 dagger. The ball python bites you.
* * * LOW HITPOINT WARNING * * *
You are too injured to fight recklessly!
A quokka comes into view.
The goblin barely misses you. The ball python barely misses you.
A bat comes into view.
The ball python bites you.
* * * LOW HITPOINT WARNING * * *
The goblin closely misses you.
The bat moves out of view.
The ball python bites you but does no damage.
The ball python attacks as it pursues you!
The ball python bites you.
You die...

## #. . #.###.#
####.. #...... ....
...#^. #...
#..#.####..#
#.#..##..# .
#####..#.g..###....
.......hS..........
..........####..##.
..........### #...
########.†..##...##
##.#.....#
#.....###
#######.#.....#
##)..##..#.###.#
##........†......#


You could see a goblin and a ball python.

Vanquished Creatures
  A dart slug (D:1)
  A hobgoblin (D:1)
  A quokka (D:1)
3 creatures vanquished.

Notes
Turn   | Place    | Note
-------+----------+-------------------------------------------
     0 | D:1      | SmokeWeed the Naga Shapeshifter began the quest for the
                  | Orb.
     0 | D:1      | Reached XP level 1. HP: 18/18 MP: 1/1
   127 | D:1      | Slain by a ball python

Illustrated notes

Levels and vault maps discovered:
D:1:      wander_arrival_chamber, layout_rooms, minmay_tromino_i2

Action                     || total
---------------------------++-------
  Melee: Unarmed           ||    12
         Punch             ||     1
Ability: Spit Poison       ||     2
 Armour: Animal skin       ||    14
  Dodge: Dodged            ||     7

Table legend: (Time is in decaauts)
 A = Elapsed time spent in this place.
 B = Non-inter-level travel time spent in this place.
 C = Inter-level travel time spent in this place.
 D = Time resting spent in this place.
 E = Time spent auto-exploring this place.
 F = Levels seen in this place.
 G = Mean time per level.
                   A        B        C        D        E       F      G
               +--------+--------+--------+--------+--------+-----+--------+
         Total |    158 |    158 |      0 |      0 |    121 |   1 |  158.0 |
       Dungeon |    158 |    158 |      0 |      0 |    121 |   1 |  158.0 |
               +--------+--------+--------+--------+--------+-----+--------+

Top non-repeatable levels by time:
     D:1: 158 daAuts
